Map: Crimson Court LE

Players

RayMolition - Winner!

  • Race: Terran Terran
  • League: Diamond
  • Spawn Location: 7:00

Darkstar

  • Race: Zerg Zerg
  • League: Diamond
  • Spawn Location: 1:00

VOD

Have the link to the VOD?

Description

Time

  • Played on: April 11, 2024, 4:27 a.m.
  • Length: 15:14
Show
View Real Time Build Order
Export as new Build Order

RayMolition Terran - Winner!

Build Orders:  

Get SALT Encoding   

  12  0:00  SCV  
  13  0:12  SCV  
  14  0:17  Supply Depot  
  14  0:24  SCV  
  15  0:39  SCV  
  15  0:40  Barracks  
  16  0:43  Refinery  
  16  0:51  SCV  
  17  1:03  SCV  
  18  1:04  Refinery  
  18  1:15  SCV  
  19  1:27  SCV  
  20  1:37  Command Center  
  20  1:47  Orbital Command  
  20  1:51  Reaper  
  21  2:01  Factory  
  21  2:13  SCV  
  22  2:22  Marine  
  23  2:34  Supply Depot  
  23  2:42  Command Center  
  23  2:45  Barracks Reactor  
  23  2:48  SCV  
  24  2:54  Factory Tech Lab  
  24  3:09  Bunker  
  24  3:12  Bunker  
  24  3:14  Bunker  
  24  3:16  Siege Tank  
  27  3:21  Marine x2  
  29  3:38  Marine  
  29  3:39  Marine  
  31  3:53  Siege Tank  
  31  3:54  Orbital Command  
  33  4:05  Marine  
  33  4:06  Marine  
  35  4:11  Orbital Command  
  35  4:23  Barracks  
  35  4:39  Marine x2  
  37  4:48  Siege Tank  
  40  4:54  Starport  
  40  4:55  SCV x2  
  40  4:56  SCV  
  40  4:57  Marine x2  
  45  5:15  Barracks Tech Lab  
  45  5:16  Barracks  
  45  5:17  SCV x3  
  48  5:22  Engineering Bay  
  48  5:24  Engineering Bay  
  48  5:28  Siege Tank  
  48  5:29  Marine x2  
  48  5:32  Liberator  
  48  5:35  SCV x2  
  58  5:41  Supply Depot  
  58  5:43  Supply Depot  
  58  5:47  Marine  
  59  5:52  Stimpack  
  59  6:08  Orbital Command  
  59  6:20  Orbital Command  
  59  6:22  Barracks  
  59  6:24  Supply Depot  
  59  6:38  SCV  
  59  6:39  SCV  
  61  6:46  Siege Tank  
  64  6:50  Marine  
  64  6:51  SCV x2, Marine x3  
  70  7:02  Refinery x2  
  70  7:03  SCV x2  
  72  7:14  SCV  
  72  7:15  SCV x2  
  71  7:18  Siege Tank, Marine x2  
  71  7:19  Marine x2  
  79  7:28  Marine  
  80  7:36  Marine x3  
  80  7:37  Marine, Barracks  
  83  7:38  Barracks  
  84  7:46  Marine  
  85  7:57  Supply Depot x2  
  85  7:58  Supply Depot  
  85  8:18  Siege Tank, SCV x2, Viking, Marine x2  
  94  8:20  Barracks  
  94  8:25  Terran Infantry Weapons Level 1, Terran Infantry Armor Level 1, Command Center  
  94  8:29  Armory, Barracks Reactor x4  
  94  8:30  SCV, Marine  
  77  9:02  Orbital Command  
  62  9:10  Marine x4  
  62  9:11  Marine x2  
  62  9:12  Marine  
  69  9:29  Orbital Command  
  66  9:31  Siege Tank  
  66  9:32  Marine x3  
  66  9:33  Marine x3  
  75  9:48  Marine  
  75  9:49  Marine x5  
  75  9:50  Marine x2  
  83  9:53  Medivac  
  85  10:04  Siege Tank, Planetary Fortress  
  85  10:05  SCV x3  
  91  10:07  Marine  
  91  10:08  Marine x5  
  97  10:15  Barracks  
  97  10:17  SCV x3  
  97  10:21  Marine  
  100  10:24  Terran Infantry Weapons Level 2, Terran Infantry Armor Level 2  
  100  10:27  Starport Reactor  
  101  10:29  SCV x2  
  101  10:32  Terran Ship Weapons Level 1  
  100  10:36  Siege Tank  
  100  10:42  Marine  
  96  10:59  Missile Turret  
  96  11:00  Marine  
  96  11:01  Marine x11  
  96  11:04  Medivac x2  
  112  11:08  Siege Tank  
  112  11:09  Combat Shield  
  115  11:18  Marine  
  112  11:22  Marine  
  112  11:23  Marine x11  
  122  11:33  Medivac  
  122  11:34  Missile Turret  
  122  11:35  Missile Turret  
  124  11:44  Missile Turret  
  124  11:46  Missile Turret  
  124  11:55  Missile Turret  
  124  11:57  Missile Turret  
  124  12:04  Marine x6  
  124  12:05  Medivac  
  132  12:15  Command Center  
  132  12:20  Supply Depot  
  132  12:27  Marine x2  
  132  12:31  Supply Depot  
  132  12:32  Marine  
  132  12:33  Marine  
  132  12:41  Marine x8  
  132  12:42  Supply Depot  
  140  12:51  Marine x3  
  143  12:52  SCV x2  
  143  12:53  SCV  
  146  13:01  SCV  
  146  13:02  Marine x5  
  146  13:03  Siege Tank  
  146  13:04  SCV x2  
  146  13:05  SCV, Supply Depot  
  158  13:07  Medivac x2, Missile Turret  
  158  13:08  Missile Turret  
  162  13:13  SCV  
  163  13:28  Missile Turret  
  163  13:30  Planetary Fortress, Missile Turret  
  163  13:31  SCV  
  163  13:32  SCV x3  
  167  13:35  Siege Tank  
  167  13:39  Marine  
  167  13:40  Marine x4  
Show
View Real Time Build Order
Export as new Build Order

Darkstar Zerg 

Build Orders: Pool First 

Get SALT Encoding   

  12  0:00  Drone  
  13  0:13  Overlord  
  13  0:17  Drone  
  14  0:33  Drone x2  
  16  0:38  Drone  
  17  0:49  Extractor, Drone  
  17  0:54  Spawning Pool  
  16  0:57  Drone  
  17  1:16  Drone  
  18  1:22  Hatchery  
  18  1:23  Drone  
  18  1:31  Drone  
  19  1:45  Zergling x2  
  19  1:46  Roach Warren  
  19  1:53  Drone  
  20  1:57  Metabolic Boost  
  20  2:04  Queen  
  22  2:11  Overlord  
  22  2:31  Roach  
  22  2:32  Roach  
  22  2:35  Roach x2  
  30  2:56  Roach  
  32  3:09  Overlord  
  32  3:11  Zergling x8  
  35  3:43  Ravager  
  36  3:56  Zergling x2  
  36  3:57  Zergling x14  
  42  4:05  Queen  
  44  4:19  Lair  
  44  4:21  Overlord x3  
  44  4:23  Overlord x2  
  44  4:45  Drone  
  44  4:46  Drone x5  
  50  4:55  Drone x2  
  52  5:08  Drone x3  
  52  5:09  Drone x2  
  57  5:22  Spore Crawler  
  57  5:26  Queen x2, Spore Crawler  
  59  5:33  Drone  
  59  5:34  Drone x5  
  65  5:41  Overseer  
  65  5:51  Hatchery  
  65  5:52  Drone x3  
  67  6:00  Drone x3  
  70  6:14  Extractor  
  70  6:16  Extractor  
  67  6:27  Drone x2  
  67  6:28  Drone  
  67  6:30  Drone  
  67  6:31  Drone x6  
  75  7:17  Queen  
  77  7:42  Zergling x2  
  77  7:43  Zergling x22  
  89  7:54  Extractor, Spire  
  87  8:01  Baneling Nest  
  87  8:02  Queen  
  88  8:07  Drone  
  88  8:08  Overlord x5  
  88  8:09  Overlord x5  
  89  8:38  Zergling x6  
  89  8:39  Zergling x10  
  74  9:08  Mutalisk x3  
  74  9:09  Mutalisk x5  
  84  9:10  Mutalisk x3  
  83  9:37  Zergling x6  
  83  9:38  Zergling x8  
  90  10:11  Evolution Chamber  
  90  10:13  Evolution Chamber  
  88  10:15  Infestation Pit  
  83  11:04  Mutalisk x5  
  83  11:05  Mutalisk x5  
  90  11:29  Extractor  
  90  11:30  Extractor  
  88  11:42  Hive  
  88  11:43  Hatchery  
  88  11:44  Zerg Ground Armor Level 1, Zerg Melee Weapons Level 1  
  87  11:50  Drone x11  
  87  11:51  Drone x3  
  95  13:08  Ultralisk Cavern  
  94  13:14  Adrenal Glands  
  94  13:17  Zergling x2  
  94  13:18  Zergling x22  
  106  13:26  Queen  
  108  13:28  Zergling x14  
  115  13:54  Baneling x3  
  115  13:55  Baneling x5  
  115  13:56  Baneling x2  
  104  14:15  Ultralisk  
  104  14:16  Ultralisk x4  
  111  14:38  Zergling x6  
  111  14:39  Zergling x6  
Tags
 
Add a new tag
Caveats
  • Supply blocks, unpowered buildings, or Contaminate may cause inaccurate times.
  • Supply counts are checked every 10 seconds.